 Dungeon Crawl Stone Soup version 0.30-a0-335-ge5acde7520 (webtiles) character file.

Game seed: 1313259593425760003

309 twist the Vexing (level 6, -1/47 HPs)
             Began as a Gnoll Hexslinger on Oct 30, 2022.
             Slain by a gnoll
             ... wielding a +0 spear
              (3 damage)
             ... on level 5 of the Dungeon.
             The game lasted 00:03:40 (1928 turns).

twist the Vexing (Gnoll Hexslinger)                 Turns: 1928, Time: 00:03:41

Health: -1/47      AC:  6    Str:  9    XL:     6   Next: 41%
Magic:  10/11      EV: 13    Int: 15    God:
Gold:   131        SH:  0    Dex: 12    Spells: 7/11 levels left

rFire   . . .      SeeInvis .    b - +2 dagger (venom)
rCold   . . .      Faith    .    (no shield)
rNeg    . . .      Spirit   .    j - +0 leather armour
rPois   +          Reflect  .    (no helmet)
rElec   .          Harm     .    (no cloak)
rCorr   .          Rampage  .    k - +2 pair of gloves
Will    .....                    (no boots)
Stlth   ++........               (no amulet)
HPRegen 0.27/turn                o - ring of poison resistance
MPRegen 0.12/turn                (no ring)

@: no status effects
A: fangs 1, strong nose, distributed training
a: no special abilities


You were on level 5 of the Dungeon.
You visited 2 branches of the dungeon, and saw 5 of its levels.

You collected 131 gold pieces.

Inventory:

Hand Weapons
 a - a +1 sling
 b - a +2 dagger of venom (weapon)
Armour
 c - a +0 robe
 j - a +0 leather armour (worn)
 k - a +2 pair of gloves (worn)
Jewellery
 o - a ring of poison resistance (left hand)
Wands
 n - a wand of iceblast (8)
Scrolls
 d - 3 scrolls of identify {unknown}
 e - a scroll of poison
 f - a scroll of enchant armour {unknown}
 g - 2 scrolls of fear {unknown}
 h - 2 scrolls of enchant weapon {unknown}
 i - a scroll of torment {unknown}
 l - a scroll of summoning {unknown}
 m - 2 scrolls of magic mapping {unknown}
Potions
 p - a potion of heal wounds {unknown}
 q - a potion of flight {unknown}
 r - a potion of might {unknown}


   Skills:
 + Level 3.3 Fighting
 + Level 2.0 Short Blades
 + Level 2.0 Long Blades
 + Level 2.0 Axes
 + Level 2.0 Maces & Flails
 + Level 2.0 Polearms
 + Level 2.0 Staves
 + Level 5.0 Ranged Weapons
 + Level 2.0 Throwing
 + Level 2.0 Armour
 + Level 5.0 Dodging
 + Level 2.0 Stealth
 + Level 2.0 Shields
 + Level 2.0 Unarmed Combat
 + Level 3.4 Spellcasting
 + Level 1.6 Conjurations
 + Level 5.7 Hexes
 + Level 1.6 Summonings
 + Level 1.6 Necromancy
 + Level 1.6 Translocations
 + Level 1.6 Transmutations
 + Level 1.6 Fire Magic
 + Level 1.6 Ice Magic
 + Level 1.6 Air Magic
 + Level 1.6 Earth Magic
 + Level 1.6 Poison Magic
 + Level 2.2 Invocations
 + Level 2.0 Evocations


You had 7 spell levels left.
You knew the following spells:

 Your Spells              Type           Power      Damage    Failure   Level
a - Slow                  Hex            76%        N/A       2%          1
b - Inner Flame           Hex/Fire       13%        N/A       17%         3

Your spell library contained the following spells:

 Spells                   Type           Power      Damage    Failure   Level
 Portal Projectile        Hex/Tloc       26%        N/A       17%         3
 Cause Fear               Hex            9%         N/A       26%         4
 Leda's Liquefaction      Hex/Erth       6%         N/A       50%         4
 Animate Dead             Necr           7%         N/A       80%         4


Dungeon Overview and Level Annotations

Branches:
Dungeon (5/15)             Temple (1/1) D:5

Altars:
Ashenzari
Dithmenos
Elyvilon
Fedhas
Kikubaaqudgha
Makhleb
Qazlal
Uskayaw
Vehumet
Wu Jian

Annotations:
D:2 1 runed translucent door, Crazy Yiuf


Innate Abilities, Weirdness & Mutations

You have very sharp teeth.
Your uncanny sense of smell can sniff out nearby items.
Your experience applies equally to all skills.


Message History

You hit the gnoll.
The gnoll is poisoned.
The gnoll is lightly wounded.
The gnoll hits you from afar with a +0 spear.
* * * LOW HITPOINT WARNING * * *
You hit the gnoll.
The gnoll looks even sicker.
You bite the gnoll, but do no damage.
The gnoll is moderately wounded.
The gnoll hits you from afar with a +0 spear.
* * * LOW HITPOINT WARNING * * *
The gnoll hits you but does no damage.
You barely miss the gnoll. Your bite misses the gnoll.
The gnoll is heavily wounded.
The gnoll hits you but does no damage. The gnoll hits you with a +0 club.
* * * LOW HITPOINT WARNING * * *
Unknown command.
You hit the gnoll.
The gnoll looks as sick as possible!
The gnoll is severely wounded.
You barely miss the gnoll.
The gnoll is severely wounded.
You kill the gnoll!
The gnoll barely misses you. The gnoll barely misses you.
The gnoll closely misses you. The gnoll hits you with a +0 spear.
* * * LOW HITPOINT WARNING * * *
Things that are here:
a +0 club; 2 throwing nets You barely miss the gnoll.
You bite the gnoll.
The gnoll is lightly wounded.
The gnoll hits you from afar with a +0 spear.
* * * LOW HITPOINT WARNING * * *
The gnoll closely misses you. The gnoll hits you with a +0 spear.
* * * LOW HITPOINT WARNING * * *
Unknown command.
You hit the gnoll.
The gnoll is poisoned.
The gnoll is moderately wounded.
The gnoll barely misses you.
The gnoll hits you from afar with a +0 halberd!
* * * LOW HITPOINT WARNING * * *
The gnoll hits you with a +0 spear.
You die...

#.....# .... #.....###
..... #.......#......
#.......#......
#.......'......
############.....).#......
.............#..gg.# .....
############.###g### ....
#+# #@# ### # #.# # #.# #
#.# # #.. # ###. .. ##


You could see 3 gnolls.

Vanquished Creatures
  A black bear (D:5)
  A phantom (D:2)
  An orc wizard (D:2)
  An iguana (D:5)
  A gnoll (D:5)
  2 adders (D:2)
  2 worms
  A dart slug (D:2)
  5 orcs
  4 endoplasms
  4 giant cockroaches
  4 goblins
  2 hobgoblins
  8 kobolds
  2 quokkas (D:1)
  9 ball pythons
  4 bats
  3 frilled lizards
  4 rats
59 creatures vanquished.

Vanquished Creatures (others)
  A human (D:3)
1 creature vanquished.

Grand Total: 60 creatures vanquished

Notes
Turn   | Place    | Note
-------+----------+-------------------------------------------
     0 | D:1      | twist the Gnoll Hexslinger began the quest for the Orb.
     0 | D:1      | Reached XP level 1. HP: 17/17 MP: 4/4
   113 | D:1      | Reached XP level 2. HP: 23/23 MP: 5/5
   384 | D:1      | Reached XP level 3. HP: 27/28 MP: 7/7
   518 | D:2      | Noticed a phantom
   543 | D:2      | Reached skill level 1 in Invocations
   583 | D:2      | Reached skill level 1 in Short Blades
   583 | D:2      | Reached skill level 1 in Long Blades
   583 | D:2      | Reached skill level 1 in Axes
   583 | D:2      | Reached skill level 1 in Maces & Flails
   583 | D:2      | Reached skill level 1 in Polearms
   583 | D:2      | Reached skill level 1 in Staves
   583 | D:2      | Reached skill level 1 in Throwing
   583 | D:2      | Reached skill level 1 in Armour
   583 | D:2      | Reached skill level 1 in Stealth
   583 | D:2      | Reached skill level 1 in Shields
   583 | D:2      | Reached skill level 1 in Unarmed Combat
   583 | D:2      | Reached skill level 1 in Evocations
   923 | D:2      | Found a runed translucent door.
   924 | D:2      | Noticed Crazy Yiuf
   995 | D:2      | Reached XP level 4. HP: 34/34 MP: 8/8
  1045 | D:2      | Killed a phantom
  1046 | D:2      | Reached skill level 1 in Conjurations
  1046 | D:2      | Reached skill level 1 in Summonings
  1046 | D:2      | Reached skill level 1 in Necromancy
  1046 | D:2      | Reached skill level 1 in Translocations
  1046 | D:2      | Reached skill level 1 in Transmutations
  1046 | D:2      | Reached skill level 1 in Fire Magic
  1046 | D:2      | Reached skill level 1 in Ice Magic
  1046 | D:2      | Reached skill level 1 in Air Magic
  1046 | D:2      | Reached skill level 1 in Earth Magic
  1046 | D:2      | Reached skill level 1 in Poison Magic
  1046 | D:2      | Reached XP level 5. HP: 5/41 MP: 9/9
  1398 | D:3      | Learned a level 3 spell: Inner Flame
  1398 | D:3      | Found an ancient bone altar of Kikubaaqudgha.
  1399 | D:3      | Noticed a human
  1401 | D:3      | Killed a human
  1588 | D:3      | Found a shadowy altar of Dithmenos.
  1609 | D:3      | You fall into a shaft and drop 2 floors!
  1609 | D:5      | Entered Level 5 of the Dungeon
  1614 | D:5      | Found a staircase to the Ecumenical Temple.
  1637 | Temple   | Entered the Ecumenical Temple
  1818 | D:5      | Got the Octavo of Fascination and Wicked Arts
  1901 | D:5      | Noticed a black bear
  1915 | D:5      | Killed a black bear
  1916 | D:5      | Reached skill level 5 in Ranged Weapons
  1916 | D:5      | Reached skill level 5 in Dodging
  1916 | D:5      | Reached XP level 6. HP: 26/47 MP: 9/11
  1928 | D:5      | HP: 2/47 [gnoll/+0 halberd (12)]
  1928 | D:5      | Slain by a gnoll

Illustrated notes

Levels and vault maps discovered:
D:1:      doesnt_arrival_eight_statues, layout_basic, minmay_surrounded
D:2:      layout_basic, uniq_crazy_yiuf_cottage
D:3:      layout_rooms, chei_slow_surprise, tgw_kikubaaqudgha,
          grunt_dithmenos_smoke_and_mirrors, worldfamousw_hep_ancestral_shrine,
          nemelex_spade_bored_becter, tso_oasis_becter, old_standard_altar,
          dreamdust_ecumenical_altar_angels_and_demons,
          ebering_ghost_disaster_area, uniq_sigmund
D:5:      layout_basic, temple_pool_b
Temple:   hellmonk_temple_flake

Skill      XL: |  1  2  3  4  5 |
---------------+----------------+-----
Invocations    | 1 2 |  2.2
Short Blades   | 1 2 |  2.0
Long Blades    | 1 2 |  2.0
Axes           | 1 2 |  2.0
Maces & Flails | 1 2 |  2.0
Polearms       | 1 2 |  2.0
Staves         | 1 2 |  2.0
Throwing       | 1 2 |  2.0
Armour         | 1 2 |  2.0
Stealth        | 1 2 |  2.0
Shields        | 1 2 |  2.0
Unarmed Combat | 1 2 |  2.0
Evocations     | 1 2 |  2.0
Spellcasting   | 3 |  3.4
Fighting       | 3 |  3.3
Conjurations   | 1 |  1.6
Summonings     | 1 |  1.6
Necromancy     | 1 |  1.6
Translocations | 1 |  1.6
Transmutations | 1 |  1.6
Fire Magic     | 1 |  1.6
Ice Magic      | 1 |  1.6
Air Magic      | 1 |  1.6
Earth Magic    | 1 |  1.6
Poison Magic   | 1 |  1.6
Ranged Weapons | 5 |  5.0
Dodging        | 5 |  5.0
Hexes          | |  5.7

Action                   |  1- 3 |  4- 6 || total
-------------------------+-------+-------++-------
Melee: Dagger            |    32 |    86 ||   118
       Bite              |     2 |     7 ||     9
       Punch             |       |     1 ||     1
 Fire: Sling             |   114 |    10 ||   124
 Cast: Slow              |     1 |       ||     1
Evoke: Wand              |       |     3 ||     3
  Use: Potion            |       |     1 ||     1
Armor: Leather armour    |    33 |    38 ||    71
       Robe              |     3 |       ||     3
Dodge: Dodged            |    76 |    64 ||   140

Table legend: (Time is in decaauts)
 A = Elapsed time spent in this place.
 B = Non-inter-level travel time spent in this place.
 C = Inter-level travel time spent in this place.
 D = Time resting spent in this place.
 E = Time spent auto-exploring this place.
 F = Levels seen in this place.
 G = Mean time per level.
                   A        B        C        D        E       F      G
               +--------+--------+--------+--------+--------+-----+--------+
         Total |   1949 |   1866 |     83 |     65 |   1277 |   5 |  389.8 |
       Dungeon |   1800 |   1726 |     74 |     65 |   1146 |   4 |  450.0 |
        Temple |    149 |    140 |      9 |      0 |    131 |   1 |  149.0 |
               +--------+--------+--------+--------+--------+-----+--------+

Top non-repeatable levels by time:
     D:2: 1003 daAuts
     D:1: 517 daAuts
     D:5: 171 daAuts
  Temple: 149 daAuts
     D:3: 107 daAuts
